3158 views
Uploaded 2020-04-16 19:57:08
Game version 1.32.3
18:34 long 4on4 ladder game on (8)NerubianPassage
Saved by Brunt
3158 views
Uploaded 2020-04-16 19:57:08
Game version 1.32.3
18:34 long 4on4 ladder game on (8)NerubianPassage


180 units @ 20.2k
/ 2.4k
66 buildings @ 10.6k
/ 3.9k


| Potion of Healing | 1 | 150 |
| Scroll of Town Portal | 1 | 350 |
| Boots of Speed | 2 | 500 |
| Scroll of Regeneration | 1 | 100 |
| total: | 5 | 1100g |
| Wisp | 23 | 1380 | / | 0 |
| Archer | 13 | 1690 | / | 130 |
| Dryad | 16 | 2320 | / | 960 |
| total: | 52 | 5390g | / | 1090w |
| Altar of Elders | 1 | 180 | / | 50 |
| Moon Well | 7 | 1260 | / | 280 |
| Ancient of War | 1 | 150 | / | 60 |
| Ancient of Wonders | 1 | 90 | / | 30 |
| Hunter's Hall | 1 | 210 | / | 100 |
| Tree of Life | 2 | 680 | / | 370 |
| Ancient of Lore | 2 | 310 | / | 290 |
| Tree of Ages | 1 | 320 | / | 180 |
| Tree of Eternity | 1 | 330 | / | 200 |
| total: | 15 | 2880g | / | 1180w |
| 0:03 | Wisp |
| 0:03 | Wisp |
| 0:03 | Wisp |
| 0:08 | Altar of Elders |
| 0:18 | Moon Well |
| 0:35 | Wisp |
| 0:35 | Wisp |
| 0:36 | Wisp |
| 0:36 | Wisp |
| 0:49 | Ancient of War |
| 1:05 | Wisp |
| 1:05 | Wisp |
| 1:18 | Wisp |
| 1:25 | Moon Well |
| 1:27 | Wisp |
| 1:48 | Moon Well |
| 2:00 | Ancient of Wonders |
| 2:01 | Wisp |
| 2:11 | Force of Nature |
| 2:13 | Archer |
| 2:28 | Archer |
| 2:39 | Archer |
| 2:53 | Archer |
| 3:13 | Hunter's Hall |
| 3:38 | Tree of Ages |
| 3:52 | Archer |
| 4:19 | Strength of the Moon |
| 4:19 | Ultravision |
| 4:39 | Moon Armor |
| 4:40 | Archer |
| 5:27 | Thorns Aura |
| 5:54 | Tree of Life |
| 6:02 | Improved Bows |
| 6:04 | Ancient of Lore |
| 6:05 | Wisp |
| 6:05 | Wisp |
| 6:06 | Wisp |
| 6:09 | Tree of Life |
| 6:52 | Ancient of Lore |
| 6:52 | Wisp |
| 6:52 | Wisp |
| 7:04 | Moon Well |
| 7:12 | Strength of the Wild |
| 7:12 | Reinforced Hides |
| 7:14 | Wisp |
| 7:26 | Abolish Magic |
| 7:26 | Dryad |
| 7:38 | Entangling Roots |
| 8:12 | Dryad |
| 8:44 | Dryad |
| 8:48 | Improved Strength of the Wild |
| 9:08 | Trueshot Aura |
| 9:32 | Thorns Aura |
| 9:39 | Tree of Eternity |
| 9:48 | Wisp |
| 9:48 | Wisp |
| 10:05 | Wisp |
| 10:06 | Wisp |
| 10:14 | Wisp |
| 11:13 | Searing Arrows |
| 11:26 | Dryad |
| 11:27 | Archer |
| 11:27 | Archer |
| 11:27 | Archer |
| 11:29 | Improved Strength of the Moon |
| 11:34 | Moon Well |
| 11:42 | Potion of Healing |
| 11:52 | Dryad |
| 11:54 | Dryad |
| 12:03 | Marksmanship |
| 12:06 | Well Spring |
| 13:18 | Trueshot Aura |
| 13:36 | Dryad |
| 13:36 | Dryad |
| 13:36 | Dryad |
| 13:45 | Dryad |
| 13:46 | Advanced Strength of the Moon |
| 14:02 | Thorns Aura |
| 14:30 | Scroll of Regeneration |
| 14:37 | Dryad |
| 14:37 | Dryad |
| 15:01 | Archer |
| 15:20 | Moon Well |
| 15:24 | Moon Well |
| 15:48 | Scroll of Town Portal |
| 16:04 | Improved Reinforced Hides |
| 16:22 | Boots of Speed |
| 16:22 | Boots of Speed |
| 16:44 | Dryad |
| 17:41 | Dryad |
| 17:41 | Dryad |
| 17:41 | Dryad |
| 18:15 | Archer |
| 18:15 | Archer |
| 18:16 | Archer |
| Right click | 630 |
| Select group | 477 |
| Select | 464 |
| Build/train/purchase | 96 |
| Assign group | 94 |
| Misc. action | 71 |
| Use ability | 30 |
| Resource trade | 15 |
| Esc | 6 |
| Item give/drop | 2 |


| Scroll of Regeneration | 1 | 100 |
| Scroll of Town Portal | 1 | 350 |
| Circlet of Nobility | 1 | 175 |
| total: | 3 | 625g |
| Peasant | 12 | 900 | / | 0 |
| Footman | 4 | 540 | / | 0 |
| Rifleman | 11 | 2255 | / | 330 |
| Priest | 11 | 1485 | / | 110 |
| Spell Breaker | 2 | 430 | / | 60 |
| total: | 40 | 5610g | / | 500w |
| Scout Tower | 2 | 60 | / | 40 |
| Guard Tower | 1 | 70 | / | 50 |
| Altar of Kings | 1 | 180 | / | 50 |
| Barracks | 1 | 160 | / | 60 |
| Farm | 7 | 560 | / | 140 |
| Lumber Mill | 2 | 240 | / | 0 |
| Blacksmith | 2 | 280 | / | 120 |
| Arcane Vault | 1 | 130 | / | 30 |
| Arcane Sanctum | 2 | 300 | / | 280 |
| Keep | 1 | 320 | / | 210 |
| Castle | 1 | 360 | / | 210 |
| total: | 18 | 1910g | / | 720w |
| 0:02 | Peasant |
| 0:02 | Peasant |
| 0:05 | Altar of Kings |
| 0:20 | Barracks |
| 0:30 | Peasant |
| 0:35 | Farm |
| 0:48 | Peasant |
| 0:48 | Peasant |
| 0:57 | Peasant |
| 1:13 | Farm |
| 1:22 | Footman |
| 1:31 | Peasant |
| 1:34 | Farm |
| 1:41 | Footman |
| 1:59 | Peasant |
| 2:01 | Farm |
| 2:11 | Summon Water Elemental |
| 2:16 | Footman |
| 2:20 | Farm |
| 2:33 | Footman |
| 3:01 | Keep |
| 3:34 | Brilliance Aura |
| 4:27 | Lumber Mill |
| 4:38 | Blacksmith |
| 4:44 | Arcane Vault |
| 5:06 | Farm |
| 5:09 | Scout Tower |
| 5:10 | Scout Tower |
| 5:26 | Peasant |
| 5:26 | Peasant |
| 5:27 | Peasant |
| 5:37 | Arcane Sanctum |
| 5:53 | Summon Water Elemental |
| 6:04 | Improved Lumber Harvesting |
| 6:08 | Long Rifles |
| 6:09 | Rifleman |
| 6:09 | Rifleman |
| 6:09 | Rifleman |
| 6:39 | Black Gunpowder |
| 6:58 | Priest |
| 6:58 | Priest |
| 7:04 | Arcane Sanctum |
| 7:29 | Scroll of Regeneration |
| 7:44 | Guard Tower |
| 7:50 | Rifleman |
| 7:52 | Priest Adept Training |
| 8:09 | Priest |
| 8:22 | Priest |
| 8:35 | Refined Gunpowder |
| 9:09 | Castle |
| 9:37 | Studded Leather Armor |
| 9:49 | Brilliance Aura |
| 10:12 | Rifleman |
| 10:13 | Priest |
| 10:23 | Rifleman |
| 10:38 | Rifleman |
| 11:23 | Summon Water Elemental |
| 11:33 | Priest Master Training |
| 11:34 | Rifleman |
| 11:37 | Priest |
| 11:44 | Imbued Gunpowder |
| 12:07 | Rifleman |
| 12:17 | Priest |
| 12:50 | Priest |
| 12:51 | Priest |
| 12:51 | Priest |
| 12:55 | Control Magic |
| 12:56 | Spell Breaker |
| 13:57 | Spell Breaker |
| 14:30 | Priest |
| 14:36 | Lumber Mill |
| 14:39 | Blacksmith |
| 14:57 | Sorceress Adept Training |
| 15:00 | Advanced Lumber Harvesting |
| 15:44 | Improved Masonry |
| 15:57 | Peasant |
| 15:58 | Farm |
| 16:08 | Scroll of Town Portal |
| 16:10 | Circlet of Nobility |
| 16:21 | Reinforced Leather Armor |
| 16:57 | Rifleman |
| 17:07 | Rifleman |
| 17:34 | Siphon Mana |
| Right click | 500 |
| Select group | 303 |
| Select | 210 |
| Build/train/purchase | 100 |
| Assign group | 55 |
| Misc. action | 33 |
| Use ability | 19 |
| Chat | 13 |
| Item give/drop | 1 |

| Orb of Lightning | 1 | 375 |
| Healing Salve | 1 | 100 |
| Lesser Clarity Potion | 2 | 140 |
| Potion of Healing | 3 | 450 |
| Scroll of Speed | 1 | 50 |
| Scroll of Town Portal | 2 | 700 |
| Boots of Speed | 1 | 250 |
| Potion of Lesser Invulnerability | 1 | 150 |
| total: | 12 | 2215g |
| Peon | 12 | 900 | / | 0 |
| Troll Headhunter | 10 | 1400 | / | 200 |
| Shaman | 8 | 1040 | / | 160 |
| Troll Berserker | 13 | 1820 | / | 260 |
| total: | 43 | 5160g | / | 620w |
| Orc Burrow | 5 | 800 | / | 200 |
| Altar of Storms | 1 | 180 | / | 50 |
| War Mill | 1 | 205 | / | 0 |
| Barracks | 2 | 360 | / | 100 |
| Voodoo Lounge | 2 | 260 | / | 60 |
| Great Hall | 1 | 385 | / | 185 |
| Spirit Lodge | 1 | 150 | / | 150 |
| Stronghold | 2 | 630 | / | 380 |
| Fortress | 1 | 325 | / | 190 |
| total: | 13 | 2340g | / | 745w |
| 0:02 | Peon |
| 0:03 | Peon |
| 0:19 | Orc Burrow |
| 0:31 | Peon |
| 0:34 | Altar of Storms |
| 0:48 | Peon |
| 0:49 | War Mill |
| 1:05 | Barracks |
| 1:08 | Peon |
| 1:15 | Peon |
| 1:24 | Peon |
| 1:45 | Orc Burrow |
| 1:53 | Peon |
| 2:06 | Troll Headhunter |
| 2:27 | Voodoo Lounge |
| 2:32 | Voodoo Lounge |
| 2:34 | War Stomp |
| 2:38 | Troll Headhunter |
| 3:06 | Troll Headhunter |
| 3:10 | Stronghold |
| 3:26 | Troll Headhunter |
| 3:41 | Orc Burrow |
| 4:06 | Troll Headhunter |
| 4:12 | Endurance Aura |
| 4:27 | Troll Headhunter |
| 4:53 | Troll Headhunter |
| 5:00 | Steel Ranged Weapons |
| 5:24 | War Stomp |
| 5:49 | Boots of Speed |
| 6:02 | Fortress |
| 6:04 | Spirit Lodge |
| 6:14 | Troll Regeneration |
| 6:14 | Troll Headhunter |
| 6:18 | Reinforced Defenses |
| 6:25 | Orc Burrow |
| 6:48 | Troll Headhunter |
| 7:29 | Troll Headhunter |
| 7:30 | Thorium Ranged Weapons |
| 7:59 | Endurance Aura |
| 8:25 | Berserker Upgrade |
| 8:34 | Shaman Adept Training |
| 8:34 | Shaman |
| 8:38 | Steel Armor |
| 8:54 | Orb of Lightning |
| 8:55 | Healing Salve |
| 8:59 | Lesser Clarity Potion |
| 9:01 | Potion of Healing |
| 9:08 | Troll Berserker |
| 9:24 | Troll Berserker |
| 9:35 | Shaman Master Training |
| 9:38 | Spiked Barricades |
| 9:39 | Troll Berserker |
| 9:43 | Orc Burrow |
| 10:19 | Troll Berserker |
| 10:34 | Shaman |
| 10:36 | Troll Berserker |
| 11:01 | Troll Berserker |
| 11:18 | Troll Berserker |
| 11:34 | Arcanite Ranged Weapons |
| 11:39 | Great Hall |
| 12:42 | Troll Berserker |
| 12:43 | Shaman |
| 12:50 | Potion of Healing |
| 13:01 | War Stomp |
| 14:18 | Troll Berserker |
| 14:19 | Burning Oil |
| 14:51 | Peon |
| 14:51 | Peon |
| 14:51 | Peon |
| 14:52 | Peon |
| 14:57 | Shaman |
| 15:02 | Scroll of Speed |
| 15:04 | Lesser Clarity Potion |
| 15:06 | Potion of Healing |
| 15:08 | Scroll of Town Portal |
| 15:13 | Scroll of Town Portal |
| 15:34 | Troll Berserker |
| 15:35 | Shaman |
| 15:56 | Potion of Lesser Invulnerability |
| 16:11 | Troll Berserker |
| 16:12 | Shaman |
| 17:57 | Troll Berserker |
| 17:58 | Shaman |
| 18:18 | Troll Berserker |
| 18:20 | Shaman |
| 18:21 | Barracks |
| Right click | 1028 |
| Select group | 475 |
| Select | 262 |
| Build/train/purchase | 99 |
| Assign group | 32 |
| Misc. action | 14 |
| Use ability | 9 |
| Minimap ping | 9 |
| Esc | 2 |
| Item give/drop | 1 |
HimurakeN
(2)
(18:19) : 


| Orb of Venom | 2 | 650 |
| Staff of Preservation | 1 | 150 |
| Lesser Clarity Potion | 1 | 70 |
| Moonstone | 1 | 50 |
| Potion of Mana | 1 | 200 |
| Potion of Healing | 1 | 150 |
| Scroll of Town Portal | 1 | 350 |
| Scroll of Regeneration | 1 | 100 |
| total: | 9 | 1720g |
| Wisp | 26 | 1560 | / | 0 |
| Archer | 19 | 2470 | / | 190 |
| total: | 45 | 4030g | / | 190w |
| Ancient Protector | 1 | 135 | / | 80 |
| Moon Well | 7 | 1260 | / | 280 |
| Ancient of War | 3 | 450 | / | 180 |
| Altar of Elders | 1 | 180 | / | 50 |
| Tree of Life | 1 | 340 | / | 185 |
| Ancient of Wonders | 3 | 270 | / | 90 |
| Hunter's Hall | 4 | 840 | / | 400 |
| Tree of Ages | 2 | 640 | / | 360 |
| Tree of Eternity | 3 | 990 | / | 600 |
| total: | 20 | 3475g | / | 1265w |
| 0:02 | Wisp |
| 0:02 | Wisp |
| 0:06 | Moon Well |
| 0:14 | Wisp |
| 0:20 | Ancient of War |
| 0:29 | Ancient of War |
| 0:38 | Wisp |
| 0:55 | Wisp |
| 0:58 | Altar of Elders |
| 1:09 | Wisp |
| 1:13 | Wisp |
| 1:23 | Wisp |
| 1:27 | Moon Well |
| 1:33 | Wisp |
| 1:39 | Archer |
| 1:46 | Wisp |
| 1:46 | Wisp |
| 1:52 | Wisp |
| 1:52 | Wisp |
| 2:05 | Archer |
| 2:11 | Wisp |
| 2:11 | Wisp |
| 2:26 | Archer |
| 2:32 | Wisp |
| 2:43 | Acid Bomb |
| 3:09 | Tree of Ages |
| 3:36 | Archer |
| 4:14 | Archer |
| 4:16 | Moon Well |
| 4:21 | Tree of Life |
| 4:29 | Healing Spray |
| 5:01 | Moon Well |
| 5:03 | Ancient of Wonders |
| 5:05 | Ancient of Wonders |
| 5:26 | Acid Bomb |
| 5:33 | Archer |
| 5:58 | Breath of Fire |
| 6:05 | Archer |
| 6:06 | Improved Bows |
| 6:11 | Tree of Eternity |
| 6:25 | Wisp |
| 6:26 | Wisp |
| 6:26 | Wisp |
| 6:57 | Archer |
| 6:58 | Hunter's Hall |
| 7:01 | Hunter's Hall |
| 7:02 | Hunter's Hall |
| 7:31 | Archer |
| 7:35 | Wisp |
| 7:35 | Wisp |
| 7:35 | Wisp |
| 7:52 | Ancient of War |
| 7:54 | Drunken Haze |
| 7:54 | Drunken Brawler |
| 8:28 | Healing Spray |
| 8:34 | Wisp |
| 8:34 | Wisp |
| 8:37 | Strength of the Moon |
| 8:39 | Hunter's Hall |
| 8:43 | Marksmanship |
| 8:48 | Moon Well |
| 8:56 | Wisp |
| 8:57 | Wisp |
| 9:01 | Ancient of Wonders |
| 9:09 | Orb of Venom |
| 9:19 | Well Spring |
| 9:26 | Ancient Protector |
| 9:43 | Cluster Rockets |
| 10:27 | Breath of Fire |
| 10:27 | Archer |
| 10:28 | Archer |
| 10:30 | Improved Strength of the Moon |
| 10:30 | Moon Armor |
| 10:31 | Ultravision |
| 11:18 | Orb of Venom |
| 11:19 | Staff of Preservation |
| 11:19 | Lesser Clarity Potion |
| 11:19 | Moonstone |
| 11:32 | Archer |
| 11:32 | Archer |
| 11:41 | Improved Moon Armor |
| 11:45 | Advanced Strength of the Moon |
| 12:21 | Engineering Upgrade |
| 13:16 | Archer |
| 13:20 | Healing Spray |
| 14:05 | Archer |
| 14:05 | Archer |
| 14:05 | Archer |
| 14:29 | Potion of Mana |
| 14:30 | Potion of Healing |
| 14:31 | Scroll of Regeneration |
| 14:57 | Scroll of Town Portal |
| 15:13 | Advanced Moon Armor |
| 16:15 | Archer |
| 16:18 | Moon Well |
| 16:20 | Moon Well |
| 16:35 | Drunken Haze |
| 16:57 | Engineering Upgrade |
| 17:55 | Archer |
| Right click | 1171 |
| Select group | 792 |
| Select | 464 |
| Build/train/purchase | 113 |
| Use ability | 71 |
| Assign group | 44 |
| Minimap ping | 17 |
| Misc. action | 10 |
| Esc | 10 |
| Resource trade | 9 |
| Item give/drop | 7 |
| Remove unit | 4 |
191 units @ 23.6k
/ 3k
68 buildings @ 10.6k
/ 4.6k



| Scroll of Town Portal | 1 | 350 |
| total: | 1 | 350g |
| Wisp | 25 | 1500 | / | 0 |
| Archer | 13 | 1690 | / | 130 |
| Druid of the Talon | 5 | 725 | / | 100 |
| Dryad | 1 | 145 | / | 60 |
| Mountain Giant | 3 | 1050 | / | 300 |
| total: | 47 | 5110g | / | 590w |
| Altar of Elders | 1 | 180 | / | 50 |
| Moon Well | 6 | 1080 | / | 240 |
| Ancient of War | 2 | 300 | / | 120 |
| Tree of Life | 1 | 340 | / | 185 |
| Hunter's Hall | 1 | 210 | / | 100 |
| Ancient of Wonders | 1 | 90 | / | 30 |
| Ancient of Wind | 1 | 150 | / | 140 |
| Ancient of Lore | 2 | 310 | / | 290 |
| Tree of Ages | 1 | 320 | / | 180 |
| Tree of Eternity | 1 | 330 | / | 200 |
| total: | 15 | 2660g | / | 1155w |
| 0:02 | Wisp |
| 0:14 | Altar of Elders |
| 0:18 | Moon Well |
| 0:19 | Wisp |
| 0:34 | Wisp |
| 0:44 | Ancient of War |
| 0:51 | Wisp |
| 1:08 | Wisp |
| 1:08 | Wisp |
| 1:46 | Archer |
| 1:53 | Wisp |
| 1:53 | Wisp |
| 2:15 | Force of Nature |
| 2:38 | Tree of Ages |
| 2:47 | Moon Well |
| 2:58 | Archer |
| 3:11 | Moon Well |
| 3:32 | Ancient of War |
| 3:46 | Archer |
| 3:48 | Entangling Roots |
| 4:04 | Archer |
| 4:26 | Archer |
| 4:51 | Archer |
| 5:20 | Archer |
| 5:22 | Tree of Eternity |
| 5:41 | Force of Nature |
| 5:50 | Improved Bows |
| 6:17 | Moon Well |
| 6:45 | Archer |
| 7:19 | Trueshot Aura |
| 7:26 | Ancient of Wind |
| 7:34 | Archer |
| 7:43 | Wisp |
| 7:43 | Wisp |
| 7:44 | Wisp |
| 8:00 | Archer |
| 8:19 | Entangling Roots |
| 8:35 | Druid of the Talon |
| 8:38 | Wisp |
| 8:38 | Wisp |
| 8:38 | Wisp |
| 8:41 | Tree of Life |
| 9:09 | Hunter's Hall |
| 9:20 | Wisp |
| 9:25 | Scout |
| 9:45 | Moon Well |
| 9:46 | Moon Well |
| 10:17 | Marksmanship |
| 10:50 | Strength of the Moon |
| 10:58 | Scroll of Town Portal |
| 11:29 | Druid of the Talon |
| 11:31 | Moon Armor |
| 11:32 | Improved Moon Armor |
| 11:33 | Wisp |
| 11:33 | Wisp |
| 11:35 | Wisp |
| 11:35 | Wisp |
| 11:35 | Wisp |
| 11:35 | Wisp |
| 11:36 | Wisp |
| 11:40 | Ancient of Lore |
| 12:05 | Archer |
| 12:06 | Improved Strength of the Moon |
| 12:39 | Trueshot Aura |
| 13:05 | Entangling Roots |
| 13:22 | Scout |
| 14:04 | Archer |
| 14:09 | Ancient of Wonders |
| 14:38 | Dryad |
| 14:39 | Druid of the Talon |
| 14:39 | Druid of the Talon |
| 14:46 | Frost Arrows |
| 15:00 | Ancient of Lore |
| 15:17 | Advanced Strength of the Moon |
| 15:19 | Well Spring |
| 15:20 | Mountain Giant |
| 15:22 | Wisp |
| 15:23 | Wisp |
| 15:23 | Wisp |
| 15:35 | Hardened Skin |
| 15:36 | Resistant Skin |
| 15:42 | Archer |
| 15:44 | Druid of the Talon |
| 16:30 | Mountain Giant |
| 17:35 | Forked Lightning |
| 17:44 | Tranquility |
| 17:51 | Mountain Giant |
| 17:59 | Trueshot Aura |
| Right click | 618 |
| Select | 473 |
| Select group | 404 |
| Misc. action | 208 |
| Build/train/purchase | 90 |
| Assign group | 70 |
| Use ability | 29 |
| Chat | 7 |
| Esc | 5 |
| Remove unit | 1 |
| Minimap ping | 1 |


| Scroll of Regeneration | 1 | 100 |
| Potion of Healing | 2 | 300 |
| total: | 3 | 400g |
| Peasant | 15 | 1125 | / | 0 |
| Footman | 6 | 810 | / | 0 |
| Priest | 8 | 1080 | / | 80 |
| Rifleman | 11 | 2255 | / | 330 |
| Spell Breaker | 3 | 645 | / | 90 |
| Goblin Shredder | 2 | 750 | / | 200 |
| total: | 45 | 6665g | / | 700w |
| Scout Tower | 1 | 30 | / | 20 |
| Arcane Tower | 1 | 70 | / | 50 |
| Altar of Kings | 1 | 180 | / | 50 |
| Farm | 12 | 960 | / | 240 |
| Barracks | 2 | 320 | / | 120 |
| Arcane Vault | 1 | 130 | / | 30 |
| Town Hall | 1 | 385 | / | 205 |
| Blacksmith | 1 | 140 | / | 60 |
| Lumber Mill | 1 | 120 | / | 0 |
| Arcane Sanctum | 2 | 300 | / | 280 |
| Keep | 1 | 320 | / | 210 |
| Castle | 1 | 360 | / | 210 |
| total: | 22 | 2565g | / | 1005w |
| 0:01 | Peasant |
| 0:01 | Peasant |
| 0:07 | Altar of Kings |
| 0:18 | Farm |
| 0:21 | Barracks |
| 0:24 | Peasant |
| 0:38 | Peasant |
| 0:48 | Farm |
| 0:50 | Peasant |
| 1:04 | Peasant |
| 1:19 | Peasant |
| 1:22 | Footman |
| 1:34 | Farm |
| 1:37 | Peasant |
| 1:52 | Scout Tower |
| 1:56 | Footman |
| 2:07 | Summon Water Elemental |
| 2:16 | Arcane Vault |
| 2:21 | Footman |
| 2:36 | Peasant |
| 2:37 | Peasant |
| 2:37 | Peasant |
| 3:03 | Peasant |
| 3:45 | Footman |
| 3:47 | Keep |
| 3:52 | Brilliance Aura |
| 4:11 | Town Hall |
| 4:28 | Arcane Tower |
| 4:32 | Scroll of Regeneration |
| 4:36 | Farm |
| 4:43 | Footman |
| 4:59 | Footman |
| 5:33 | Blacksmith |
| 5:39 | Summon Water Elemental |
| 5:47 | Peasant |
| 5:51 | Farm |
| 6:16 | Arcane Sanctum |
| 6:44 | Peasant |
| 6:44 | Peasant |
| 7:35 | Goblin Shredder |
| 7:35 | Goblin Shredder |
| 7:46 | Priest |
| 7:47 | Priest |
| 8:14 | Holy Light |
| 8:26 | Long Rifles |
| 8:26 | Rifleman |
| 8:55 | Barracks |
| 8:58 | Arcane Sanctum |
| 9:00 | Lumber Mill |
| 9:09 | Farm |
| 9:12 | Farm |
| 9:16 | Farm |
| 9:25 | Black Gunpowder |
| 9:25 | Studded Leather Armor |
| 9:27 | Rifleman |
| 9:29 | Priest |
| 9:29 | Priest Adept Training |
| 10:17 | Rifleman |
| 10:17 | Priest |
| 10:30 | Potion of Healing |
| 10:30 | Potion of Healing |
| 10:36 | Rifleman |
| 10:37 | Priest |
| 10:37 | Castle |
| 10:39 | Refined Gunpowder |
| 10:45 | Brilliance Aura |
| 11:11 | Devotion Aura |
| 11:24 | Rifleman |
| 11:25 | Priest |
| 11:27 | Reinforced Leather Armor |
| 11:38 | Rifleman |
| 13:13 | Divine Shield |
| 13:18 | Summon Water Elemental |
| 13:37 | Priest Master Training |
| 13:39 | Rifleman |
| 13:39 | Priest |
| 14:44 | Rifleman |
| 14:44 | Rifleman |
| 15:01 | Spell Breaker |
| 15:01 | Control Magic |
| 15:06 | Farm |
| 15:07 | Imbued Gunpowder |
| 15:08 | Dragonhide Armor |
| 15:09 | Rifleman |
| 15:42 | Farm |
| 16:22 | Spell Breaker |
| 17:01 | Holy Light |
| 17:25 | Mass Teleport |
| 17:35 | Rifleman |
| 17:36 | Priest |
| 17:36 | Spell Breaker |
| 18:05 | Farm |
| 18:06 | Farm |
| 18:09 | Brilliance Aura |
| Select group | 740 |
| Right click | 656 |
| Select | 362 |
| Build/train/purchase | 107 |
| Misc. action | 82 |
| Assign group | 50 |
| Use ability | 34 |
| Chat | 12 |
| Resource trade | 6 |
| Item give/drop | 1 |
| Esc | 1 |
| Minimap ping | 1 |


| Healing Salve | 2 | 200 |
| Potion of Healing | 2 | 300 |
| Scroll of Speed | 1 | 50 |
| Potion of Lesser Invulnerability | 2 | 300 |
| Periapt of Vitality | 1 | 325 |
| Scroll of Regeneration | 2 | 200 |
| total: | 10 | 1375g |
| Peon | 7 | 525 | / | 0 |
| Troll Headhunter | 8 | 1120 | / | 160 |
| Grunt | 3 | 600 | / | 0 |
| Kodo Beast | 2 | 510 | / | 120 |
| Shaman | 6 | 780 | / | 120 |
| Troll Berserker | 3 | 420 | / | 60 |
| Demolisher | 3 | 660 | / | 150 |
| Troll Witch Doctor | 2 | 290 | / | 50 |
| total: | 34 | 4905g | / | 660w |
| War Mill | 1 | 205 | / | 0 |
| Orc Burrow | 6 | 960 | / | 240 |
| Barracks | 1 | 180 | / | 50 |
| Altar of Storms | 1 | 180 | / | 50 |
| Voodoo Lounge | 1 | 130 | / | 30 |
| Beastiary | 1 | 145 | / | 140 |
| Spirit Lodge | 3 | 450 | / | 450 |
| Stronghold | 2 | 630 | / | 380 |
| Fortress | 2 | 650 | / | 380 |
| total: | 14 | 2250g | / | 960w |
| 0:02 | Peon |
| 0:02 | Peon |
| 0:13 | Peon |
| 0:19 | War Mill |
| 0:25 | Orc Burrow |
| 0:30 | Peon |
| 0:44 | Peon |
| 0:50 | Barracks |
| 1:10 | Altar of Storms |
| 1:14 | Peon |
| 1:33 | Orc Burrow |
| 1:37 | Peon |
| 1:51 | Troll Headhunter |
| 1:51 | Troll Headhunter |
| 2:08 | Troll Headhunter |
| 2:20 | Voodoo Lounge |
| 2:33 | Troll Headhunter |
| 2:42 | Howl of Terror |
| 2:58 | Troll Headhunter |
| 3:05 | Orc Burrow |
| 3:22 | Troll Headhunter |
| 3:24 | Backpack |
| 4:15 | Troll Headhunter |
| 4:34 | Grunt |
| 4:35 | Stronghold |
| 4:39 | Healing Salve |
| 4:53 | Scroll of Regeneration |
| 5:09 | Grunt |
| 5:32 | Orc Burrow |
| 5:51 | Cleaving Attack |
| 6:19 | Grunt |
| 6:24 | Steel Armor |
| 7:09 | Fortress |
| 7:10 | Beastiary |
| 7:12 | Spirit Lodge |
| 7:17 | Cleaving Attack |
| 7:39 | Troll Regeneration |
| 7:41 | Steel Ranged Weapons |
| 8:16 | Potion of Lesser Invulnerability |
| 8:20 | Troll Headhunter |
| 8:56 | Healing Salve |
| 8:57 | Potion of Healing |
| 9:25 | Shaman Adept Training |
| 9:28 | Kodo Beast |
| 9:33 | Thorium Armor |
| 9:34 | Arcanite Armor |
| 9:37 | Howl of Terror |
| 10:18 | Shaman |
| 10:20 | War Drums Damage Increase |
| 10:23 | Orc Burrow |
| 10:25 | Orc Burrow |
| 11:02 | Potion of Healing |
| 11:24 | Berserker Upgrade |
| 11:30 | Shaman |
| 11:31 | Shaman Master Training |
| 11:44 | Scroll of Regeneration |
| 12:19 | Thorium Ranged Weapons |
| 12:20 | Troll Berserker |
| 12:53 | Shaman |
| 12:54 | Demolisher |
| 13:00 | Howl of Terror |
| 13:50 | Shaman |
| 13:55 | Spirit Lodge |
| 13:59 | Spirit Lodge |
| 14:56 | Life Drain |
| 15:05 | Troll Berserker |
| 15:07 | Kodo Beast |
| 15:09 | Witch Doctor Adept Training |
| 15:42 | Scroll of Speed |
| 15:53 | Demolisher |
| 15:53 | Demolisher |
| 15:58 | Troll Witch Doctor |
| 16:02 | Troll Witch Doctor |
| 16:07 | Potion of Lesser Invulnerability |
| 16:12 | Periapt of Vitality |
| 16:31 | Witch Doctor Master Training |
| 16:33 | Shaman |
| 16:33 | Shaman |
| 16:37 | Troll Berserker |
| 17:39 | Silence |
| 18:23 | Life Drain |
| Right click | 976 |
| Select | 322 |
| Select group | 168 |
| Build/train/purchase | 111 |
| Misc. action | 56 |
| Assign group | 42 |
| Use ability | 19 |
| Item give/drop | 10 |
| Remove unit | 1 |
| Esc | 1 |
| Minimap ping | 1 |
Leolinya170
(2)
(18:25) : 
| Potion of Healing | 1 | 150 |
| Moonstone | 1 | 50 |
| Lesser Clarity Potion | 1 | 70 |
| total: | 3 | 270g |
| Wisp | 33 | 1980 | / | 0 |
| Archer | 13 | 1690 | / | 130 |
| Huntress | 4 | 780 | / | 80 |
| Dryad | 11 | 1595 | / | 660 |
| Hippogryph | 3 | 480 | / | 60 |
| Mountain Giant | 1 | 350 | / | 100 |
| total: | 65 | 6875g | / | 1030w |
| Ancient Protector | 2 | 270 | / | 160 |
| Altar of Elders | 1 | 180 | / | 50 |
| Moon Well | 6 | 1080 | / | 240 |
| Ancient of War | 1 | 150 | / | 60 |
| Hunter's Hall | 1 | 210 | / | 100 |
| Ancient of Wonders | 1 | 90 | / | 30 |
| Tree of Life | 2 | 680 | / | 370 |
| Ancient of Lore | 2 | 310 | / | 290 |
| Ancient of Wind | 1 | 150 | / | 140 |
| Tree of Ages | 1 | 320 | / | 180 |
| Tree of Eternity | 1 | 330 | / | 200 |
| total: | 17 | 3120g | / | 1440w |
| 0:04 | Wisp |
| 0:04 | Wisp |
| 0:13 | Altar of Elders |
| 0:24 | Moon Well |
| 0:26 | Wisp |
| 0:26 | Wisp |
| 0:46 | Ancient of War |
| 0:49 | Wisp |
| 0:52 | Wisp |
| 0:52 | Wisp |
| 1:17 | Wisp |
| 1:34 | Wisp |
| 1:39 | Moon Well |
| 1:47 | Archer |
| 1:48 | Archer |
| 1:59 | Moon Well |
| 2:17 | Immolation |
| 2:32 | Archer |
| 2:33 | Archer |
| 3:03 | Hunter's Hall |
| 3:04 | Wisp |
| 3:04 | Wisp |
| 3:19 | Wisp |
| 3:23 | Ancient of Wonders |
| 3:34 | Archer |
| 3:35 | Archer |
| 3:56 | Moon Well |
| 4:16 | Evasion |
| 4:37 | Strength of the Moon |
| 4:39 | Tree of Ages |
| 4:59 | Archer |
| 5:22 | Huntress |
| 5:34 | Ultravision |
| 5:55 | Evasion |
| 6:03 | Huntress |
| 6:15 | Tree of Life |
| 6:20 | Ancient Protector |
| 6:29 | Ancient Protector |
| 6:59 | Moon Armor |
| 7:11 | Strength of the Wild |
| 7:18 | Potion of Healing |
| 7:19 | Moonstone |
| 7:31 | Lesser Clarity Potion |
| 7:41 | Ancient of Lore |
| 7:42 | Wisp |
| 7:42 | Wisp |
| 8:01 | Huntress |
| 8:39 | Improved Strength of the Wild |
| 8:43 | Wisp |
| 8:43 | Wisp |
| 8:46 | Moon Well |
| 8:49 | Huntress |
| 8:54 | Wisp |
| 8:55 | Wisp |
| 9:04 | Dryad |
| 9:06 | Dryad |
| 9:25 | Wisp |
| 9:30 | Wisp |
| 9:30 | Wisp |
| 9:30 | Wisp |
| 9:33 | Wisp |
| 9:34 | Wisp |
| 9:53 | Ancient of Wind |
| 10:05 | Ancient of Lore |
| 10:12 | Wisp |
| 10:12 | Wisp |
| 10:19 | Dryad |
| 11:00 | Tree of Eternity |
| 11:10 | Dryad |
| 11:37 | Hippogryph |
| 11:39 | Dryad |
| 11:43 | Moon Well |
| 11:56 | Wisp |
| 11:57 | Wisp |
| 12:19 | Dryad |
| 12:20 | Archer |
| 13:02 | Dryad |
| 13:03 | Archer |
| 13:09 | Tree of Life |
| 13:28 | Archer |
| 13:29 | Hippogryph |
| 13:38 | Dryad |
| 14:25 | Dryad |
| 15:06 | Archer |
| 15:27 | Mountain Giant |
| 15:47 | Wisp |
| 15:47 | Wisp |
| 16:05 | Wisp |
| 16:05 | Wisp |
| 16:30 | Mana Burn |
| 17:08 | Dryad |
| 17:11 | Archer |
| 17:11 | Archer |
| 17:13 | Hippogryph |
| 17:15 | Wisp |
| 18:03 | Dryad |
| Right click | 496 |
| Select | 335 |
| Build/train/purchase | 101 |
| Use ability | 11 |
| Minimap ping | 11 |
| Resource trade | 5 |
| Remove unit | 4 |
| Select group | 4 |
| Assign group | 2 |
| Item give/drop | 1 |
⇛